Map: Oblivion Express

Players

NamroodTuo

  • Race: Zerg Zerg

Floxyrun

  • Race: Terran Terran
  • Spawn Location: 12:00

VOD

Have the link to the VOD?

Description

Time

  • Played on: June 3, 2023, 5:05 a.m.
  • Length: 23:53
Show
View Real Time Build Order
Export as new Build Order

NamroodTuo Zerg 

Build Orders:  

Get SALT Encoding   

  12  0:21  Infested Barracks  
  12  0:25  Infested SCV  
  13  0:45  Infested SCV  
  13  0:46  Infested SCV  
  15  0:53  Overlord  
  15  1:20  Infested SCV  
  15  1:23  Infestation Level 1  
  15  1:26  Infested SCV  
  17  1:33  Infested SCV  
  17  1:39  Infested SCV  
  19  1:48  Overlord  
  19  1:54  Infested SCV  
  20  2:10  Infested Engineering Bay  
  20  2:16  Infested SCV  
  21  2:28  Overlord  
  21  2:43  Infested SCV  
  22  3:17  Infested Marine  
  22  3:18  Infested Marine x16  
  39  3:22  Overlord  
  39  3:30  Overlord  
  39  3:59  Infested Bunker  
  47  5:00  Infested Bunker  
  47  5:19  Infested Marine  
  31  5:20  Infested Marine x16  
  31  5:21  Infested Marine x3  
  31  5:24  Infested Command Center  
  50  5:50  Infested SCV  
  50  5:51  Infested SCV x3  
  50  5:52  Infested Refinery  
  50  5:55  Infested Refinery  
  54  6:24  Overlord x3  
  35  6:57  Infested SCV x2  
  37  7:12  Infested SCV x2  
  37  7:13  Infested SCV  
  39  7:23  Infested SCV  
  40  7:57  Infested Barracks Tech Lab  
  40  7:59  Infestation Level 2  
  40  8:02  Stukov Infantry Weapons Level 1  
  40  8:12  Infested SCV x2  
  40  8:13  Infested SCV  
  43  8:21  Infested Refinery  
  43  8:26  Infested Refinery  
  47  8:31  Infested Bunker  
  47  8:46  Retinal Augmentation  
  47  9:10  Infested Marine  
  47  9:11  Infested Marine x8  
  47  9:12  Infested Marine x11  
  47  9:15  Unknown  
  47  9:18  Infested Missile Turret  
  67  9:34  Infested SCV x2  
  67  9:35  Infested SCV x3  
  67  9:38  Overlord x2  
  72  9:53  Infested SCV  
  72  9:59  Anaerobic Enhancement  
  73  10:08  Infested SCV  
  74  10:23  Plagued Munitions  
  67  10:40  Infested Factory  
  67  10:42  Stukov Infantry Armor Level 1  
  67  10:47  Infested SCV x2  
  60  10:59  Overlord, Broodling Gestation  
  64  11:00  Infested Bunker  
  60  11:19  Infested SCV  
  61  11:31  Overlord  
  61  11:32  Overlord  
  61  11:33  Overlord  
  61  11:50  Infested Marine  
  61  11:51  Infested Marine x11  
  61  11:52  Infested Marine x5  
  78  12:20  Infested Marine  
  78  12:21  Infested Marine x8  
  87  12:38  Infested Marine  
  87  12:39  Infested Marine x2  
  90  12:49  Infested Factory Tech Lab  
  94  12:53  Infested Bunker  
  93  13:18  Automated Mitosis  
  91  13:20  Infested Siege Tank  
  91  13:21  Infested Siege Tank  
  91  13:22  Regenerative Plating  
  91  13:23  Infested Siege Tank  
  100  13:44  Infested Marine  
  100  13:45  Infested Marine x13  
  100  13:46  Infested Bunker  
  97  14:01  Infested Bunker  
  97  14:04  Infested Siege Tank x2  
  100  14:22  Stukov Infantry Weapons Level 2  
  100  14:26  Infested Siege Tank  
  100  14:27  Infested Siege Tank  
  94  14:53  Overseer  
  94  14:55  Overseer x2  
  94  14:56  Overseer x3  
  85  15:21  Infested Siege Tank x3  
  55  17:10  Infested SCV x2  
  55  17:11  Infested SCV  
  58  17:31  Infested Barracks  
  58  17:39  Infested Barracks  
  58  17:51  Infested SCV x3  
  58  17:52  Infested SCV x2  
  59  18:35  Infested Marine  
  59  18:37  Infested Marine  
  59  18:38  Infested Barracks Tech Lab  
  59  18:39  Infested Marine  
  56  19:01  Infested Marine  
  56  19:02  Infested Marine x3  
  56  19:03  Infested Marine  
  56  19:04  Infested Marine x4  
  65  19:21  Infested SCV x4  
  61  20:03  Infested Factory  
  61  20:06  Infested Marine x7  
  61  20:07  Infested Marine x19  
  83  20:47  Infested Barracks Tech Lab  
  81  20:53  Infested Marine  
  81  20:54  Infested Marine x8  
  57  22:09  Infested Marine  
  58  22:10  Infested Marine x19  
  58  22:11  Infested Marine x12  
  58  22:19  Infested Barracks  
  89  22:36  Infested Bunker  
  84  23:26  Infested Marine  
  84  23:27  Infested Marine x14, Infested Bunker  
  84  23:28  Infested Marine x18  
  84  23:29  Infested Marine  
Show
View Real Time Build Order
Export as new Build Order

Floxyrun Terran 

Build Orders:  

Get SALT Encoding   

  12  0:03  SCV  
  13  0:17  SCV  
  14  0:35  SCV  
  15  0:42  Factory  
  15  0:52  Supply Depot  
  15  1:14  SCV  
  15  1:15  Refinery  
  16  1:24  Supply Depot  
  16  1:57  Refinery  
  16  2:00  SCV  
  17  2:14  SCV  
  17  2:15  Factory Tech Reactor  
  18  2:28  SCV  
  19  2:41  SCV  
  19  2:45  Goliath  
  19  2:48  Upgrade Laser Drill Level 1  
  22  2:55  Goliath, SCV  
  25  3:08  SCV  
  26  3:19  Armory  
  26  3:36  Goliath  
  28  4:06  Goliath  
  30  4:29  SCV  
  31  5:32  Command Center  
  31  5:33  Upgrade Laser Drill Level 2  
  31  5:48  Multi-Lock Weapons System  
  31  6:01  Supply Depot  
  31  6:05  Supply Depot  
  31  6:31  SCV  
  32  6:44  SCV  
  33  6:55  Goliath  
  33  6:56  Goliath  
  33  6:58  SCV  
  38  7:12  SCV  
  38  7:15  Regenerative Bio-Steel  
  38  7:18  Ares-Class Targeting System  
  39  7:25  SCV  
  40  7:50  SCV  
  40  7:51  SCV  
  42  8:04  SCV x2  
  44  8:17  SCV  
  44  8:18  SCV  
  46  8:21  Goliath  
  46  8:22  Goliath  
  50  8:31  SCV  
  50  8:32  SCV  
  52  8:45  Advanced Optics  
  52  8:53  Goliath  
  52  8:54  Goliath  
  56  9:26  SCV  
  56  9:27  SCV  
  58  9:38  Refinery  
  58  9:40  SCV x2  
  58  9:49  Refinery  
  60  9:53  SCV  
  60  9:54  SCV  
  62  10:20  Factory  
  62  10:40  Supply Depot  
  62  10:42  Supply Depot  
  62  10:44  Supply Depot x2  
  62  10:45  Supply Depot x3  
  62  10:46  Supply Depot  
  62  11:09  SCV x2  
  62  11:17  Supply Depot  
  62  11:18  Supply Depot  
  64  11:23  SCV x2  
  66  11:36  SCV  
  66  11:37  SCV  
  68  11:50  SCV x2  
  70  12:01  Factory Tech Reactor  
  70  12:04  SCV x2  
  70  12:06  Thor  
  70  12:07  Thor  
  84  12:17  SCV x2  
  84  12:35  Thor  
  84  12:36  Thor  
  96  13:09  Perdition Turret x2  
  96  13:11  Perdition Turret  
  96  13:14  Perdition Turret  
  96  13:17  Perdition Turret  
  96  13:31  Thor x2  
  96  13:34  Perdition Turret  
  96  13:35  Perdition Turret  
  96  13:38  Goliath, Perdition Turret  
  110  13:41  Perdition Turret  
  110  13:42  Perdition Turret  
  100  14:11  Engineering Bay  
  100  14:36  Thor x3  
  100  14:38  Goliath, Starport  
  120  14:55  Spinning Dizzy  
  120  14:58  Spinning Dizzy  
  120  15:01  Spinning Dizzy  
  120  15:06  Spinning Dizzy  
  120  15:08  Perdition Turret  
  120  15:10  Perdition Turret  
  120  15:11  Perdition Turret  
  120  15:12  Perdition Turret  
  120  15:39  Thor  
  126  15:40  Thor x2  
  138  15:59  Spinning Dizzy  
  138  16:01  Spinning Dizzy x2  
  138  16:04  Spinning Dizzy  
  138  16:29  Supply Depot  
  138  16:30  Supply Depot x2  
  138  16:31  Supply Depot  
  129  16:49  Goliath x3  
  135  16:51  Goliath  
  137  17:17  Thor  
  137  17:22  Goliath  
  137  17:23  Goliath x3  
  137  17:28  Thor  
  143  17:54  Goliath  
  143  17:55  Goliath x2  
  149  18:23  Starport Tech Reactor  
  149  18:34  Thor  
  149  18:35  Thor x2  
  167  18:42  Thor  
  167  18:51  Science Vessel  
  169  19:07  Thor x3  
  169  19:08  Thor  
  152  19:22  Thor  
  150  19:31  Thor  
  150  19:33  Perdition Turret  
  150  19:34  Perdition Turret x2  
  150  19:35  Perdition Turret  
  142  19:47  Thor  
  116  20:02  Thor  
  122  20:38  Thor  
  128  21:04  Goliath  
  128  21:05  Goliath  
  128  21:08  Perdition Turret  
  128  21:09  Factory Tech Reactor  
  134  21:10  Perdition Turret x2  
  134  21:12  Perdition Turret x2  
  134  21:19  Perdition Turret  
  138  21:30  Goliath  
  138  21:36  Goliath  
  138  21:39  Improved Nano-Repair  
  137  22:42  Perdition Turret x2  
  137  22:48  Thor x4  
  159  22:52  Perdition Turret  
Tags
 
Commander
StukovSwann
Matchup
Co-op
Replay Pack
Multiplayer
Add a new tag
Caveats
  • Supply blocks, unpowered buildings, or Contaminate may cause inaccurate times.
  • Supply counts are checked every 10 seconds.